 Dungeon Crawl Stone Soup version 0.31-a0-1099-g7fa767f3fe (webtiles) character file.

Game seed: 12039432730997519415

481 MacCMillion the Magician (level 6, -1/32 HPs)
             Began as a Deep Elf Conjurer on Nov 27, 2023.
             Was an Initiate of Vehumet.
             Slain by Pikel
             ... wielding a +2 whip of flaming
              (11 damage)
             ... on level 5 of the Dungeon on Dec 1, 2023.
             The game lasted 00:11:58 (5004 turns).

MacCMillion the Magician (Deep Elf Conjurer)        Turns: 5004, Time: 00:11:59

Health: -1/32      AC:  2    Str:  4    XL:     6   Next: 87%
Magic:  2/17       EV: 12    Int: 31    God:    Vehumet [......]
Gold:   143        SH:  0    Dex: 13    Spells: 7/18 levels left

rFire   . . .        B - +3 dagger
rCold   . . .        (no shield)
rNeg    . . .        a - +0 robe
rPois   .            (no helmet)
rElec   .            (no cloak)
rCorr   .            (no gloves)
SInv    .            (no boots)
Will    .....        x - amulet of the acrobat
Stlth   ++           u - ring of wizardry
HPRegen 0.25/turn    A - +6 ring of intelligence
MPRegen 0.15/turn

%: acrobat, wizardry (x1)
@: no status effects
A: no striking features
a: Renounce Religion


You were on level 5 of the Dungeon.
You worshipped Vehumet.
Vehumet was noncommittal.
You visited 1 branch of the dungeon, and saw 6 of its levels.

You collected 143 gold pieces.

Inventory:

Hand Weapons
 q - a +2 dagger of holy wrath
 B - a +3 dagger (weapon)
Missiles
 d - 4 throwing nets
Armour
 a - a +0 robe (worn)
Magical Staves
 o - a staff of air
Jewellery
 f - a +6 ring of strength
 u - a ring of wizardry (left hand)
 w - a ring of see invisible
 x - an amulet of the acrobat (around neck)
 A - a +6 ring of intelligence (right hand)
Wands
 s - a wand of digging (9)
Scrolls
 c - a scroll of immolation
 e - a scroll of silence
 h - 2 scrolls of poison
 l - a scroll of torment {unknown}
 m - 2 scrolls of noise
 n - 2 scrolls of teleportation {unknown}
 v - 2 scrolls of fear {unknown}
 y - 3 scrolls of revelation
 D - a scroll of amnesia {unknown}
 E - a scroll of brand weapon {unknown}
Potions
 b - a potion of magic
 g - a potion of curing
 i - a potion of mutation
 j - 2 potions of resistance
 p - a potion of heal wounds
 r - a potion of lignification {unknown}
 t - a potion of attraction {unknown}
 z - 2 potions of enlightenment {unknown}
 C - a potion of invisibility {unknown}


   Skills:
 - Level 2.5 Dodging
 - Level 4.0 Stealth
 + Level 6.5 Spellcasting
 + Level 6.4 Conjurations
 + Level 3.3 Hexes


You had 7 spell levels left.
You knew the following spells:

 Your Spells              Type           Power      Damage    Failure   Level
a - Magic Dart            Conj           100%       1d8       1%          1
b - Searing Ray           Conj           98%        2d8       1%          2
c - Fulminant Prism       Conj/Hex       20%        3d12      2%          4
d - Iskenderun's Mystic   Conj/Tloc      29%        2d7       4%          4

Your spell library contained the following spells:

 Spells                   Type           Power      Damage    Failure   Level
 Slow                     Hex            100%       N/A       1%          1
 Confusing Touch          Hex            31%        N/A       1%          3
 Dazzling Flash           Conj/Hex       80%        N/A       1%          3
 Sigil of Binding         Hex            31%        N/A       1%          3
 Vampiric Draining        Necr           10%        2d6       6%          3


Dungeon Overview and Level Annotations

Branches:
Dungeon (6/15)
 Temple: D:4-7

Altars:
Dithmenos
Qazlal
Ru
Sif Muna
Trog
Vehumet
Wu Jian
Xom
Zin

Shops:
D:4 :

Annotations:
D:3 Sigmund
D:5 Pikel, Prince Ribbit


Message History

Pikel is knocked back by the mystic blast.
The mystic blast hits Prince Ribbit!
Prince Ribbit is heavily wounded.
Prince Ribbit is knocked back by the mystic blast.
The mystic blast hits the hound!
The hound is severely wounded.
The hound is knocked back by the mystic blast.
Casting: Iskenderun's Mystic Blast (quite dangerous; 5% risk of failure)
Confirm with . or Enter, or press ? or * to list all spells.
You erupt in a blast of force!
The mystic blast hits Pikel but does no damage.
Pikel is heavily wounded.
The mystic blast hits the lemure.
The lemure is severely wounded.
The lemure is knocked back by the mystic blast.
The mystic blast hits Prince Ribbit!
Prince Ribbit is severely wounded.
Prince Ribbit is knocked back by the mystic blast.
You hear an angry hiss.
Casting: Iskenderun's Mystic Blast (quite dangerous; 5% risk of failure)
Confirm with . or Enter, or press ? or * to list all spells.
You erupt in a blast of force!
The mystic blast hits the hound!
You kill the hound!
Vehumet accepts your kill.
The mystic blast hits Pikel!
Pikel is severely wounded.
Pikel is knocked back by the mystic blast.
Pikel slams into the rock wall!
Pikel is severely wounded.
The mystic blast hits Prince Ribbit!
Prince Ribbit is almost dead.
Prince Ribbit is knocked back by the mystic blast.
A lemure comes into view.
Unknown command.
As you read the scroll of summoning, it crumbles to dust.
Wisps of shadow whirl around you... The lemure barely misses your jackal.
Prince Ribbit completely misses your water moccasin.
Pikel hits you with a +2 whip of flaming!
You die...
Pikel says, "See you in Hell!"

*********,,*,*
*,,,,........#######**
*,***####...5.......,* *,*
*.....#.?#######,* *,*
*.###.#5$#######,*
****,***.###.#h.#######,*
,,**,,,,.......h#######,*
*,,,,,,,......hK###...#,*
,,******.###..h>@SF...#,*
###### ***
****.##########...#.# #.....
*,,,.###########.##.# #.###+
*,**############.##.# #.#...
*,* ############.##.####.#...
*,* ############.##.#..)))##'
*,* ############.##.#.####..#
*,**############.##.#.####..#
*,,,,* #..........##..#


You could see Prince Ribbit (ally target), Pikel (ally target), 2 lemures, a
friendly water moccasin (summoned) and 4 friendly jackals.

Vanquished Creatures
  A phantom (D:2)
  A hound (D:5)
  A jelly (D:4)
  A gnoll bouda (D:5)
  An iguana (D:4)
  3 orc wizards
  A sleepcap (D:4)
  4 adders
  5 gnolls (D:5)
  A white imp (D:3)
  A worm (D:2)
  4 dart slugs
  7 orcs
  6 ball pythons
  4 bats
  6 endoplasms
  A giant cockroach (D:2)
  5 goblins
  11 hobgoblins
  5 jackals
  3 quokkas
  4 frilled lizards
  8 kobolds
  7 rats
91 creatures vanquished.

Vanquished Creatures (others)
  An angel (D:4)
  2 fulminant prisms (D:5)
3 creatures vanquished.

Grand Total: 94 creatures vanquished

Notes
Turn   | Place    | Note
-------+----------+-------------------------------------------
     0 | D:1      | MacCMillion the Deep Elf Conjurer began the quest for the
                  | Orb.
     0 | D:1      | Reached XP level 1. HP: 10/10 MP: 6/6
   209 | D:1      | Reached XP level 2. HP: 15/15 MP: 4/8
   268 | D:1      | Found a faded altar of an unknown god.
   461 | D:1      | Upgraded the game from 0.31-a0-1082-g7d1fb776a8 to
                  | 0.31-a0-1099-g7fa767f3fe
   488 | D:1      | Learned a level 2 spell: Searing Ray
  1024 | D:2      | Found a shimmering blue altar of Sif Muna.
  1176 | D:2      | Reached XP level 3. HP: 19/19 MP: 7/10
  1661 | D:2      | Noticed a phantom
  1667 | D:2      | Killed a phantom
  1668 | D:2      | Reached skill level 5 in Conjurations
  1668 | D:2      | Reached XP level 4. HP: 24/24 MP: 2/12
  2002 | D:2      | Reached skill level 5 in Spellcasting
  2002 | D:2      | Reached XP level 5. HP: 28/28 MP: 8/14
  2422 | D:3      | Found an ornate altar of the Wu Jian Council.
  2423 | D:3      | Noticed Sigmund
  2669 | D:3      | Found a stormy altar of Qazlal.
  3208 | D:4      | Found a shadowy altar of Dithmenos.
  3277 | D:4      | Learned a level 4 spell: Fulminant Prism
  3421 | D:4      | Found Loine's Self-Published Books.
  3477 | D:4      | Reached skill level 1 in Hexes
  3584 | D:4      | Reached XP level 6. HP: 28/32 MP: 8/16
  3735 | D:4      | Killed an angel
  4155 | D:4      | Found a glowing silver altar of Zin.
  4163 | D:4      | Found a shimmering altar of Xom.
  4242 | D:4      | Identified the +0 robe of Filth {rPois rN+ Regen+}
  4328 | D:4      | Found a radiant altar of Vehumet.
  4363 | D:4      | Found a bloodstained altar of Trog.
  4388 | D:4      | Became a worshipper of Vehumet
  4394 | D:4      | Learned a level 4 spell: Iskenderun's Mystic Blast
  4554 | D:5      | Entered Level 5 of the Dungeon
  4612 | D:5      | Found a shimmering blue altar of Sif Muna.
  4716 | D:5      | Found a sacrificial altar of Ru.
  4862 | D:5      | Noticed Prince Ribbit
  4886 | D:5      | Noticed Pikel
  5004 | D:5      | Slain by Pikel

Illustrated notes

Levels and vault maps discovered:
D:1:      elethiomel_arrival_infinity_welcomes_careful_drivers, layout_basic,
          ebering_ecumenical_altar_sacrificial
D:2:      layout_basic, basic_altar, st_stairs_11, amethyst_killhole,
          minmay_diced_spiral
D:3:      layout_basic, grunt_qazlal_sundering, nzn_wu_jian_contemplation,
          uniq_sigmund
D:4:      layout_layer_cave, grunt_temple_overflow_order_and_chaos_1,
          mainiacjoe_overflow_two_lobes, nicolae_dithmenos_shadow_blocks,
          nicolae_custom_books, nicolae_the_louvre
D:5:      layout_loops_ring, lemuel_doored_altar, mainiacjoe_overflow_24_doors,
          nicolae_ossuary_entry_plus, uniq_pikel, uniq_prince_ribbit1, uniq_ijyb
D:6:      layout_basic, nicolae_gozag_seed_capital, minmay_temple_entry_mist,
          serial_shops, nicolae_shop_real_fake_doors, nicolae_shop_drivethru,
          shop, cheibrodos_sewer_entry_bend

Skill      XL: |  1  2  3  4  5  6 |
---------------+-------------------+-----
Stealth        | 3 4 |  4.0
Spellcasting   | 4 5 6 |  6.5
Conjurations   | 5 6 |  6.4
Hexes          | 1 3 |  3.3
Dodging        | |  2.5

Action                     |  1- 3 |  4- 6 || total
---------------------------+-------+-------++-------
  Melee: Dagger            |       |     3 ||     3
   Cast: Magic Dart        |    31 |    37 ||    68
         Searing Ray       |    19 |    33 ||    52
         Iskenderun's Myst |       |     6 ||     6
         Fulminant Prism   |       |     2 ||     2
    Use: Scroll            |       |    11 ||    11
 Armour: Robe              |     2 |    16 ||    18
  Dodge: Dodged            |     5 |    18 ||    23

Table legend: (Time is in decaauts)
 A = Elapsed time spent in this place.
 B = Non-inter-level travel time spent in this place.
 C = Inter-level travel time spent in this place.
 D = Time resting spent in this place.
 E = Time spent auto-exploring this place.
 F = Levels seen in this place.
 G = Mean time per level.
                   A        B        C        D        E       F      G
               +--------+--------+--------+--------+--------+-----+--------+
         Total |   5000 |   4802 |    198 |    565 |   3539 |   6 |  833.3 |
       Dungeon |   5000 |   4802 |    198 |    565 |   3539 |   6 |  833.3 |
               +--------+--------+--------+--------+--------+-----+--------+

Top non-repeatable levels by time:
     D:4: 1370 daAuts
     D:2: 1327 daAuts
     D:1: 1002 daAuts
     D:3: 851 daAuts
     D:5: 340 daAuts
     D:6: 108 daAuts
